Oof, chaotic male orcish Barbarian ----- |...| |...-##@a# |...| # |.... ------ ---|- |..... # #|....| # ###|....| ## # # #...>..########------ # #####------####### -....| # ######### # |....| ---.-### ###|.<... |(..%## #.....| |.%.|[ |....| |...|# ------ |....# ----- Oof the Pillager Experience level: 5 Strength: 18 Dexterity: 17 Constitution: 18 Intelligence: 8 Wisdom: 7 Charisma: 8 Health: 0(53) Energy: 5(5) Def: 2 Gold: 1135 Moves: 2472 Dungeon seed: RlVn09uv19TDWp0I Game ID: Oof_1597844720 Your Inventory: Coins $ - 1135 gold pieces Weapons m - a +0 spear (alternate weapon; not wielded) H - a blessed +2 orcish dagger I - a +0 scimitar (weapon in hand) Armor e - an uncursed +2 orcish ring mail (being worn) r - a cursed burnt -3 pair of water walking boots (being worn) N - an uncursed +0 orcish helm (being worn) Comestibles c - an uncursed partly eaten food ration f - an uncursed egg g - an uncursed fortune cookie j - 2 uncursed apples o - an uncursed egg w - an uncursed cream pie Scrolls F - a cursed scroll of food detection Potions v - an uncursed potion of booze Wands x - a wand of fire (0:4) A - a wand of sleep (0:4) Tools d - an uncursed oil lamp (0:1415) k - an uncursed towel n - a blessed oil lamp (0:1246) B - an uncursed bell G - an uncursed tallow candle (0:200) Gems q - an uncursed amber stone y - an uncursed worthless piece of white glass Spells and supernatural/magical abilities: Name Level Category Fail Memory W - pray for help -- divine ? -- Your skills at the end: Fighting Skills bare handed combat [Basic] Weapon Skills axe [Basic] short sword [Basic] Spellcasting Skills Final Attributes: You were piously aligned. You were poison resistant. You had infravision. You could walk on water. You are dead. Vanquished creatures: 2 bugbears 2 shriekers a gnome lord a kitten a kobold lord a rothe 2 iguanas a killer bee an acid blob 2 large kobolds 2 hobgoblins 2 giant rats a yellow mold a red mold a gnome 2 gnome zombies 4 jackals a fox a kobold 2 goblins a grid bug 2 lichens 2 kobold zombies 5 newts 41 creatures vanquished. Voluntary challenges: You followed a strict vegan diet. You used a wielded weapon 72 times, starting on turn 7. You read items or engraved 3 times, starting on turn 1214. You never genocided any monsters. You never polymorphed an object. You never changed form. You used no wishes. You never split a pudding. You never wrote Elbereth's name. You never violated your personal moral code. Dungeon overview: The Dungeons of Doom: levels 1 to 6 Level 1 some fountains a long staircase Level 2 an altar to Crom, a fountain Level 3 a fountain Level 4 an altar to Set, some fountains a long staircase Level 5 a fountain, a sink Level 6 <- You were here History has recorded: On T:1 you entered the Dungeons of Doom to retrieve the Amulet of Yendor! On T:557 you reached level 2 of The Dungeons of Doom. On T:954 you advanced to experience level 2. On T:1005 you reached level 3 of The Dungeons of Doom. On T:1439 you advanced to experience level 3. On T:1476 you reached level 4 of The Dungeons of Doom. On T:1893 you advanced to experience level 4. On T:1896 you reached level 5 of The Dungeons of Doom. On T:2304 you reached level 6 of The Dungeons of Doom. On T:2365 you advanced to experience level 5. Score breakdown: Gold: 1135 (10393 points) Experience: 5 levels (11141 points) Exploration: 6 levels ( 12.50%) ( 9784 points) Discoveries: 10 items ( 4.08%) ( 6060 points) Valuables value: (no points given unless you survive) Artifact value: 0 ( 0 points) Variety of kills: 24 monsters ( 6.30%) ( 7529 points) Turncount: 2472 turns ( -313 points) Survival: died (score multiplied by 80%) Total score: 35675 Latest messages: You are now wielding your spear. You are now wielding your scimitar. m - a +0 spear (alternate weapon; not wielded). The door opens. (2x) You stop exploring. The killer bee stings! You kill the killer bee! The killer bee stings! (2x) You miss the killer bee. The killer bee stings! You miss the killer bee. The killer bee stings! (2x) You miss the killer bee. The killer bee stings! You smite the killer bee. The killer bee stings! (2x) You miss the killer bee. The killer bee stings! You smite the killer bee. The killer bee stings! (2x) You miss the killer bee. The killer bee stings! You miss the killer bee. The killer bee stings! (2x) You die... Final status: Goodbye Oof the Barbarian, killed by a killer bee... You died in The Dungeons of Doom on dungeon level 6 with 35675 points, and 1135 pieces of gold, after 2472 moves. You were level 5 with a maximum of 53 hit points when you died.